 Dungeon Crawl Stone Soup version 0.31-a0-188-g5e087ee2ca (webtiles) character file.

Game seed: 17016041295256113854

12165 TrayleKats the Thaumaturge (level 11, -4/54 HPs)
             Began as a Deep Elf Air Elementalist on June 15, 2023.
             Was a Follower of Ashenzari.
             Slain by an elephant (13 damage)
             ... on level 1 of the Lair of Beasts on June 23, 2023.
             The game lasted 00:25:03 (17058 turns).

TrayleKats the Thaumaturge (DEAE)                  Turns: 17058, Time: 00:25:03

Health: -4/54      AC: 12    Str:  4    XL:     11   Next: 58%
Magic:  2/30       EV: 14    Int: 22    God:    Ashenzari [*.....]
Gold:   224        SH:  0    Dex: 19    Spells: 15/36 levels left

rFire   . . .        d - +1 whip of the Prophetic Cosmos {flame, Melee, Elem} (curse)
rCold   . . .        (no shield)
rNeg    . . .        A - +0 steam dragon scales
rPois   .            (no helmet)
rElec   .            E - +1 cloak
rCorr   .            (no gloves)
SInv    +            G - +0 pair of boots
Will    +....        y - amulet of Ashenzari's Fetters {Regen+, Alch, Elem} (curse)
Stlth   +++          g - +4 ring of protection
HPRegen 1.09/turn    i - ring of see invisible
MPRegen 0.22/turn

%: no passive effects
@: no status effects
A: agile 1, dopey 1, passive freeze
a: Renounce Religion, Curse Item, Shatter the Chains


You were on level 1 of the Lair of Beasts.
You worshipped Ashenzari.
Ashenzari was aware of your devotion.
You visited 3 branches of the dungeon, and saw 12 of its levels.

You collected 718 gold pieces.
You spent 494 gold pieces at shops.

Inventory:

Hand Weapons
 d - the cursed +1 whip of the Prophetic Cosmos (weapon) {flame, Melee, Elem}
   (You found it on level 1 of the Dungeon)

   It has a curse which improves the following skills: Melee Combat: Short
   Blades, Long Blades, Axes, Maces & Flails, Polearms, Staves and Unarmed
   Combat.
   Elements:  Fire Magic, Ice Magic, Air Magic and Earth Magic.
Missiles
 c - a throwing net
Armour
 p - a +2 robe of willpower
 A - +0 steam dragon scales (worn)
 E - a +1 cloak (worn)
 G - a +0 pair of boots (worn)
Jewellery
 g - a +4 ring of protection (left hand)
 i - a ring of see invisible (right hand)
 l - a ring of protection from cold
 y - the cursed amulet of Ashenzari's Fetters (around neck) {Regen+, Alch, Elem}
   (You bought it in a shop on level 6 of the Dungeon)

   [amulet of regeneration]

   Regen:     It increases your rate of health regeneration.
   It has a curse which improves the following skills: Alchemy: Poison Magic and
   Transmutations.
   Elements:  Fire Magic, Ice Magic, Air Magic and Earth Magic.
 I - a +4 ring of protection
Wands
 m - a wand of flame (60)
 w - a wand of acid (4)
 z - a wand of polymorph (8)
 D - a wand of mindburst (24)
Scrolls
 j - a scroll of enchant weapon
 k - 3 scrolls of teleportation
 o - 2 scrolls of blinking
 t - 2 scrolls of noise
 C - 2 scrolls of revelation
 F - a scroll of fog
 H - a scroll of enchant armour
 J - a scroll of butterflies
Potions
 a - 2 potions of haste
 b - a potion of magic
 e - 4 potions of heal wounds
 f - 3 potions of enlightenment
 h - 4 potions of curing
 n - 3 potions of ambrosia
 q - 5 potions of degeneration
 r - 2 potions of brilliance
 s - a potion of invisibility
 u - a potion of berserk rage
 v - 4 potions of cancellation
 x - a potion of attraction
 B - a potion of lignification


   Skills:
 - Level 4.6 Dodging
 - Level 5.0 Stealth
 + Level 13.4 Spellcasting
 + Level 11.0 Conjurations
 + Level 4.0 Necromancy
 + Level 3.0(4.0) Fire Magic
 + Level 10.6(11.7) Air Magic


You had 15 spell levels left.
You knew the following spells:

 Your Spells              Type           Power      Damage    Failure   Level
a - Shock                 Conj/Air       100%       1d9       1%          1
b - Swiftness             Air            61%        N/A       1%          3
c - Static Discharge      Conj/Air       100%       2-7/arc   1%          2
d - Airstrike             Air            30%        2d(5-21)  1%          4
e - Fireball              Conj/Fire      24%        3d11      5%          5
f - Death Channel         Necr           16%        N/A       77%         6

Your spell library contained the following spells:

 Spells                   Type           Power      Damage    Failure   Level
 Sublimation of Blood     Necr           32%        N/A       1%          2
 Ensorcelled Hibernation  Hex/Ice        30%        N/A       6%          2
 Wereblood                Tmut           15%        N/A       6%          2
 Spider Form              Tmut/Pois      15%        N/A       12%         3
 Anguish                  Hex/Necr       11%        N/A       19%         4
 Cause Fear               Hex            7%         N/A       38%         4
 Dragon Form              Tmut           7%         N/A       100%        7
 Summon Hydra             Summ           7%         N/A       100%        7
 Dragon's Call            Summ           7%         N/A       100%        9


Dungeon Overview and Level Annotations

Branches:
Dungeon (10/15)            Temple (1/1) D:4            Lair (1/5) D:8
    Orc: D:9-12

Altars:
Ashenzari
Cheibriados
Dithmenos
Elyvilon
Fedhas
Gozag
Hepliaklqana
Kikubaaqudgha
Makhleb
Nemelex Xobeh
Okawaru
Qazlal
Ru
Sif Muna
Trog
Uskayaw
Vehumet
Wu Jian
Xom
Yredelemnul
Zin
The Shining One

Shops:
D:3 [   D:6 *   D:8 [   D:10 :

Annotations:
D:3 1 runed translucent door, Crazy Yiuf


Innate Abilities, Weirdness & Mutations

You are agile. (Dex +4, Str/Int -1)
You are dopey. (Int -2)
A frigid envelope surrounds you and freezes all who hurt you.


Message History

The elephant trunk-slaps you but does no damage.
The elephant is very cold.
You kill the elephant!
Casting: Static Discharge (safe; 1% risk of failure)
Confirm with . or Enter, or press ? or * to list all spells.
The elephant is struck by an arc of lightning.
The elephant is almost dead.
You are struck by an arc of lightning.
The elephant is struck by an arc of lightning.
You kill the elephant!
The elephant is struck by an arc of lightning!
The elephant is moderately wounded.
The lightning grounds out.
Your Necromancy skill increases to level 4!
Your base Fire Magic skill increases to level 3!
Casting: Static Discharge (safe; 1% risk of failure)
Confirm with . or Enter, or press ? or * to list all spells.
The elephant is struck by an arc of lightning!
The elephant is heavily wounded.
You are struck by an arc of lightning.
The elephant is struck by an arc of lightning!
The elephant is heavily wounded.
The elephant is struck by an arc of lightning.
The elephant is lightly wounded.
The lightning grounds out.
Casting: Static Discharge (safe; 1% risk of failure)
Confirm with . or Enter, or press ? or * to list all spells.
The elephant is struck by an arc of lightning.
The elephant is heavily wounded.
You are struck by an arc of lightning.
The elephant is struck by an arc of lightning.
The elephant is lightly wounded.
The lightning grounds out.
The elephant tramples you!
* * * LOW HITPOINT WARNING * * *
You stumble backwards!
Casting: Static Discharge (safe; 1% risk of failure)
Confirm with . or Enter, or press ? or * to list all spells.
You don't have enough magic to cast this spell.
The elephant attacks as you move away! The elephant tramples you!
You die...

.........................
..#.#'###..####..........
.#......+..# #..........
........#..# ##..########
...#..#....# #...#.......
.#..###.#..####..........
...## #.#..##.#..#.......
.#..###..........#.......
...###........^†@#.......#
.#......#..)....Y#.......#
...##.#+#.......Y†###...##
..........................
..........................
.....................####.
.....................#
.....P.#########.....P
.....### ##....##


You could see 2 elephants.

Vanquished Creatures
  5 two-headed ogres
  3 elephants (Lair:1)
  Maurice (D:8)
  2 komodo dragons
  Psyche (D:8)
  2 trolls (D:10)
  2 hornets
  Grinder (D:4)
  10 yaks
  Sigmund (D:2)
  3 wyverns
  A vampire (D:10)
  3 steam dragons
  2 water moccasins
  An acid dragon (D:9)
  3 orc warriors
  Duvessa (D:6)
  5 ice beasts
  3 black bears
  2 ogres
  A centaur (D:9)
  2 phantoms (D:5)
  3 kobold brigands
  2 bullfrogs
  A gnoll sergeant (D:10)
  3 scorpions
  A wight (D:10)
  Dowan (D:6)
  3 howler monkeys (D:9)
  2 jellies (D:6)
  2 hounds
  9 orc priests
  2 sleepcaps
  Jessica (D:3)
  An iguana (D:5)
  9 orc wizards
  4 gnolls
  7 adders
  2 shadow imps
  A worm (D:3)
  45 orcs
  2 bats (D:1)
  7 endoplasms
  3 giant cockroaches
  6 goblins
  4 hobgoblins
  11 jackals
  7 kobolds
  A quokka (D:2)
  9 ball pythons
  3 frilled lizards
  9 rats
216 creatures vanquished.

Notes
Turn   | Place    | Note
-------+----------+-------------------------------------------
     0 | D:1      | TrayleKats the Deep Elf Air Elementalist began the quest
                  | for the Orb.
     0 | D:1      | Reached XP level 1. HP: 10/10 MP: 6/6
   283 | D:1      | Reached XP level 2. HP: 15/15 MP: 5/8
   283 | D:1      | Upgraded the game from 0.31-a0-174-g85c54bcb58 to
                  | 0.31-a0-187-gba352fbbf7
   944 | D:2      | Noticed Sigmund
  1420 | D:2      | Reached XP level 3. HP: 19/19 MP: 3/10
  1692 | D:1      | Learned a level 2 spell: Static Discharge
  1696 | D:1      | Learned a level 3 spell: Swiftness
  1987 | D:2      | Reached XP level 4. HP: 5/24 MP: 1/11
  2471 | D:1      | Reached skill level 4 in Spellcasting
  2763 | D:2      | Learned a level 4 spell: Airstrike
  2801 | D:2      | Killed Sigmund
  2802 | D:2      | Reached XP level 5. HP: 24/28 MP: 4/13
  2802 | D:2      | Reached XP level 6. HP: 28/32 MP: 4/14
  2971 | D:2      | Upgraded the game from 0.31-a0-187-gba352fbbf7 to
                  | 0.31-a0-188-g5e087ee2ca
  3738 | D:3      | Found Ilibrioje's Armour Shop.
  3942 | D:3      | Noticed Jessica
  3945 | D:3      | Killed Jessica
  4138 | D:3      | Found a runed translucent door.
  4139 | D:3      | Noticed Crazy Yiuf
  4466 | D:4      | Reached skill level 5 in Spellcasting
  5012 | D:4      | Reached skill level 5 in Stealth
  5012 | D:4      | Reached XP level 7. HP: 36/36 MP: 10/16
  5646 | D:4      | Noticed Grinder
  5654 | D:4      | Paralysed by Grinder for 3 turns
  5658 | D:4      | Killed Grinder
  5659 | D:4      | Reached skill level 6 in Spellcasting
  5659 | D:4      | Reached skill level 5 in Air Magic
  6100 | D:4      | Found a staircase to the Ecumenical Temple.
  6259 | D:5      | Entered Level 5 of the Dungeon
  6504 | D:5      | Reached skill level 5 in Conjurations
  6504 | D:5      | Reached XP level 8. HP: 41/41 MP: 15/20
  6694 | Temple   | Entered the Ecumenical Temple
  7048 | D:5      | Reached skill level 7 in Spellcasting
  7445 | D:5      | Identified the +0 leather armour "Qistet" {Dex+3}
  7750 | D:6      | Noticed Duvessa
  7752 | D:6      | Noticed Dowan
  7753 | D:6      | Killed Duvessa
  7991 | D:6      | Killed Dowan
  8904 | D:6      | Reached skill level 8 in Spellcasting
  9285 | D:6      | Found a broken altar of Ashenzari.
  9289 | D:6      | Saw a vision of the Swamp and the Snake Pit.
  9289 | D:6      | Noticed a shambling mangrove
  9289 | D:6      | Noticed a bunyip
  9289 | D:6      | Noticed a black mamba
  9289 | D:6      | Noticed a bunyip
  9289 | D:6      | Noticed a salamander
  9289 | D:6      | Noticed a bog body
  9289 | D:6      | Noticed a goliath frog
  9290 | D:6      | Noticed a naga mage
  9290 | D:6      | Noticed a tyrant leech
  9290 | D:6      | Noticed a tyrant leech
  9291 | D:6      | Noticed a naga mage
  9297 | D:6      | Became a worshipper of Ashenzari the Shackled
  9701 | D:6      | Found Aleneuc's CLEARANCE SALE!.
  9706 | D:6      | Bought a potion of heal wounds for 10 gold pieces
  9706 | D:6      | Bought an amulet of regeneration for 60 gold pieces
  9706 | D:6      | Bought a potion of brilliance for 8 gold pieces
 10063 | D:7      | Reached XP level 9. HP: 45/45 MP: 18/23
 10151 | D:7      | Reached skill level 9 in Spellcasting
 10343 | D:7      | Found a radiant altar of Vehumet.
 10344 | D:7      | Found a stormy altar of Qazlal.
 10345 | D:7      | Found a hazy altar of Hepliaklqana.
 10367 | D:7      | Found a shimmering blue altar of Sif Muna.
 10853 | D:7      | Found a hide-covered altar of Uskayaw.
 11238 | D:8      | Noticed Maurice
 11244 | D:8      | Killed Maurice
 11468 | D:8      | Found a staircase to the Lair.
 11481 | D:8      | Reached skill level 10 in Spellcasting
 11960 | D:8      | Found Vablar's Antique Armour Shoppe.
 11983 | D:8      | Found a snail-covered altar of Cheibriados.
 12264 | D:8      | Noticed Psyche
 12266 | D:8      | Killed Psyche
 12550 | D:8      | Found a sparkling altar of Nemelex Xobeh.
 12592 | D:9      | Reached XP level 10. HP: 50/50 MP: 16/26
 12613 | D:9      | Reached * piety under Ashenzari
 12801 | D:9      | Found a blossoming altar of Fedhas.
 12801 | D:9      | Noticed a two-headed ogre
 12804 | D:9      | Killed a two-headed ogre
 12805 | D:9      | Reached skill level 11 in Spellcasting
 13024 | D:9      | Found an ancient bone altar of Kikubaaqudgha.
 13047 | D:9      | Found a glowing golden altar of the Shining One.
 13512 | D:9      | Gained mutation: A frigid envelope surrounds you and
                  | freezes all who hurt you. [potion of mutation]
 13512 | D:9      | Gained mutation: You are dopey. (Int -2) [potion of
                  | mutation]
 13512 | D:9      | Gained mutation: You are agile. (Dex +4, Str/Int -1)
                  | [potion of mutation]
 13655 | D:10     | Entered Level 10 of the Dungeon
 13655 | D:10     | Identified the +1 ring mail of the Clam {Dex+4}
 14068 | D:10     | Noticed a two-headed ogre
 14072 | D:10     | Killed a two-headed ogre
 14115 | D:10     | Reached skill level 12 in Spellcasting
 14386 | D:10     | Reached skill level 10 in Conjurations
 14601 | D:10     | Noticed a two-headed ogre
 14759 | D:10     | Killed a two-headed ogre
 14762 | D:10     | Reached skill level 10 in Air Magic
 14762 | D:10     | Reached XP level 11. HP: 54/54 MP: 9/29
 15000 | D:10     | Found Vexuy's Tiny Tomes.
 15012 | D:10     | Bought the Secrets of Combustion for 192 gold pieces
 15012 | D:10     | Bought Kikubaaqudgha's Essays on Lamentation for 224 gold
                  | pieces
 15018 | D:10     | Learned a level 5 spell: Fireball
 15025 | D:10     | Learned a level 6 spell: Death Channel
 15273 | D:10     | Noticed a two-headed ogre
 15274 | D:10     | Reached skill level 1 in Necromancy
 15296 | D:10     | Killed a two-headed ogre
 15697 | D:10     | Noticed a two-headed ogre
 15713 | D:10     | Killed a two-headed ogre
 15714 | D:10     | Reached skill level 1 in Fire Magic
 15730 | D:10     | Reached skill level 13 in Spellcasting
 16592 | Lair:1   | Entered Level 1 of the Lair of Beasts
 17058 | Lair:1   | Slain by an elephant

Illustrated notes

Levels and vault maps discovered:
D:1:      wander_arrival_peaceful_grave, layout_loops_cross,
          hangedman_glass_teeth
D:2:      layout_loops_ring, uniq_sigmund
D:3:      layout_rooms, serial_shops, nicolae_shop_statue_plus, serial_glass,
          glass_columns_b, glass_columns_b, glass_columns_a, glass_columns_c,
          glass_columns_a, glass_columns_b, uniq_jessica,
          uniq_crazy_yiuf_cottage
D:4:      layout_cave_pods, minmay_temple_entry_from_below_b, uniq_grinder
D:5:      layout_loops_ring
D:6:      layout_basic, grunt_ashenzari_visionary
          [grunt_ashenzari_visionary_swamp, grunt_ashenzari_visionary_snake],
          nicolae_shop_clearance, uniq_duvessa
D:7:      layout_loops_ring, mainiacjoe_overflow_six_doors_small,
          mainiacjoe_overflow_alcove_3
D:8:      layout_basic, nemelex_diamond_rough_becter, cheibriados_altar_1,
          lair_entry_dummy, serial_shops, shop, uniq_psyche, uniq_maurice
D:9:      layout_roguey, fedhas_altar_fruit_tree, grunt_temple_overflow_open
D:10:     minmay_bubble_buster, layout_basic,
          nicolae_shop_i_like_small_books_too
Temple:   grunt_temple_mini_profane
Lair:1:   cheibrodos_lair_river_kwai, layout_chaotic_city,
          hellmonk_guarded_unrand_seven_league_boots

Skill      XL: |  1  2  3  4  5  6  7  8  9 10 11 |
---------------+----------------------------------+-----
Stealth        | 3 4 5 |  5.0
Dodging        | 3 4 |  4.6
Conjurations   | 2 3 5 6 8 10 11 | 11.0
Spellcasting   | 4 5 6 8 10 12 13 | 13.4
Air Magic      | 4 5 6 8 10 | 10.6
Necromancy     | 4 |  4.0
Fire Magic     | 3 |  3.0

Action                     |  1- 3 |  4- 6 |  7- 9 | 10-12 || total
---------------------------+-------+-------+-------+-------++-------
  Melee: Whip              |     5 |     5 |       |     1 ||    11
   Cast: Shock             |    76 |   115 |   166 |    68 ||   425
         Static Discharge  |     1 |     4 |    17 |    28 ||    50
         Airstrike         |       |     2 |    42 |    79 ||   123
         Swiftness         |       |       |     1 |     1 ||     2
         Fireball          |       |       |       |     2 ||     2
 Invoke: Curse Item        |       |       |     1 |     1 ||     2
    Use: Scroll            |     1 |       |       |     1 ||     2
         Potion            |       |       |       |     2 ||     2
 Armour: Robe              |    11 |     2 |     5 |       ||    18
         Steam dragon scal |       |       |     1 |    18 ||    19
  Dodge: Dodged            |    23 |    16 |    25 |    36 ||   100

Table legend: (Time is in decaauts)
 A = Elapsed time spent in this place.
 B = Non-inter-level travel time spent in this place.
 C = Inter-level travel time spent in this place.
 D = Time resting spent in this place.
 E = Time spent auto-exploring this place.
 F = Levels seen in this place.
 G = Mean time per level.
                   A        B        C        D        E       F      G
               +--------+--------+--------+--------+--------+-----+--------+
         Total |  17055 |  16421 |    634 |   7139 |   7871 |  12 | 1421.2 |
       Dungeon |  16344 |  15761 |    583 |   6838 |   7564 |  10 | 1634.4 |
        Temple |    247 |    196 |     51 |      0 |    183 |   1 |  247.0 |
          Lair |    463 |    463 |      0 |    301 |    124 |   1 |  463.0 |
               +--------+--------+--------+--------+--------+-----+--------+

Top non-repeatable levels by time:
    D:10: 2162 daAuts
     D:4: 1927 daAuts
     D:9: 1848 daAuts
     D:6: 1846 daAuts
     D:1: 1788 daAuts
     D:7: 1472 daAuts
     D:2: 1417 daAuts
     D:5: 1385 daAuts
     D:8: 1352 daAuts
     D:3: 1142 daAuts
  Lair:1: 463 daAuts
  Temple: 247 daAuts
